 Dungeon Crawl Stone Soup version 0.18.1-50-g88ac8fd (webtiles) character file.

23955 lorenzova the Eclecticist (level 12, -1/59 HPs)
             Began as a Deep Elf Conjurer on Oct 25, 2016.
             Was the Champion of Sif Muna.
             Succumbed to a black mamba's poison
             ... on level 4 of the Lair of Beasts.
             The game lasted 00:57:43 (19040 turns).

lorenzova the Eclecticist (Deep Elf Conjurer)      Turns: 19040, Time: 00:57:44

Health: -1/59      AC:  5    Str:  5    XL:     12   Next: 76%
Magic:  4/34       EV: 21    Int: 26    God:    Sif Muna [******]
Gold:   974        SH:  4    Dex: 20    Spells: 7 memorised, 21 levels left

rFire  + . .     SeeInvis .     t - staff of air
rCold  + . .     Gourm    .     c - +1 robe {rC+}
rNeg   + + .     Faith    .     w - +0 buckler
rPois  +         Spirit   .     (no helmet)
rElec  +         Dismiss  +     y - +0 cloak
rCorr  .         Reflect  .     J - +0 pair of gloves
SustAt .         Harm     .     (no boots)
MR     ++...                    C - amulet of dismissal
Stlth  +++++.....               f - ring of poison resistance
                                z - ring of Hiast {*Drain rElec rF+ rN++}

@: agile, lethally poisoned (-1 -> -15), very resistant to hostile enchantments,
quite stealthy
A: magic resistance 1
a: Channel Energy, Forget Spell, Renounce Religion


You were on level 4 of the Lair of Beasts.
You worshipped Sif Muna.
Sif Muna was exalted by your worship.
You were not hungry.

You visited 2 branches of the dungeon, and saw 14 of its levels.
You also visited: Labyrinth.

You collected 974 gold pieces.

Inventory:

Hand Weapons
 Q - a +1 short sword of electrocution
Armour
 c - a +1 robe of cold resistance (worn)
 w - a +0 buckler (worn)
 y - a +0 cloak (worn)
 J - a +0 pair of gloves (worn)
Magical Staves
 t - an uncursed staff of air (weapon)
Jewellery
 f - a ring of poison resistance (right hand)
 z - the ring of Hiast (left hand) {*Drain rElec rF+ rN++}
   (You took it off a minotaur in a labyrinth)

   [ring of protection from fire]

   It protects you from fire.
   It insulates you from electricity.
   It greatly protects you from negative energy.
   It causes draining when unequipped.
 C - an amulet of dismissal (around neck)
 M - an uncursed ring of see invisible
Wands
 a - a wand of iceblast (11/15)
 i - a wand of disintegration (16/24)
 k - a wand of iceblast (14/15)
 m - a wand of iceblast (9/15)
 R - a wand of teleportation (2/9)
 T - a wand of lightning (9/15)
 U - a wand of disintegration (12/24)
Scrolls
 d - 5 scrolls of magic mapping
 e - 3 scrolls of remove curse
 j - 3 scrolls of enchant armour {unknown}
 q - 4 scrolls of fear {unknown}
 r - 3 scrolls of amnesia {unknown}
 s - a scroll of holy word {unknown}
 x - a scroll of fog
 D - 4 scrolls of teleportation {unknown}
 E - 2 scrolls of immolation {unknown}
 F - a scroll of vulnerability {unknown}
 I - 3 scrolls of blinking {unknown}
 O - 2 scrolls of random uselessness {unknown}
 V - a scroll of enchant weapon {unknown}
Potions
 b - a potion of mutation
 g - 4 potions of lignification
 l - 3 potions of might {unknown}
 o - 2 potions of cure mutation {unknown}
 p - 2 potions of brilliance {unknown}
 v - 3 potions of resistance {unknown}
 A - 3 potions of degeneration {unknown}
 B - 3 potions of agility
 G - a potion of berserk rage {unknown}
 H - 3 potions of flight {unknown}
 K - 2 potions of haste {unknown}
 L - 4 potions of curing
 P - a potion of experience {unknown}
 S - a potion of ambrosia {unknown}
Comestibles
 n - 20 fruits
 u - a meat ration
 Z - a slice of pizza


   Skills:
 + Level 5.5 Dodging
 + Level 6.1 Stealth
 * Level 16.4 Spellcasting
 * Level 14.4 Conjurations
 * Level 10.1 Charms
 - Level 4.0 Translocations
 * Level 3.9 Fire Magic
 * Level 1.6 Air Magic
 * Level 1.6 Poison Magic


You had 21 spell levels left.
You knew the following spells:

 Your Spells              Type           Power        Failure   Level  Hunger
a - Magic Dart            Conj           ####         0%          1    None
b - Iskenderun's Battles  Conj/Chrm      ######..     1%          5    None
c - Iskenderun's Mystic   Conj           #######.     1%          4    None
d - Blink                 Tloc           N/A          1%          2    None
f - Mephitic Cloud        Conj/Pois/Air  ######..     1%          3    None
m - Bolt of Fire          Conj/Fire      ######....   17%         6    ####...
q - Apportation           Tloc           #####.....   1%          1    None


Dungeon Overview and Level Annotations

Branches:
Dungeon (10/15)            Temple (0/1) D:6            Lair (4/8) D:8
    Orc (0/2) D:9
  Swamp: Lair:3-6    Shoals: Lair:3-6     Snake: Lair:3-6    Spider: Lair:3-6

Altars:
Kikubaaqudgha
Nemelex Xobeh
Pakellas
Qazlal
Ru
Sif Muna
Vehumet
Xom
Yredelemnul
The Shining One

Shops:
D:4 (


Innate Abilities, Weirdness & Mutations

You are resistant to hostile enchantments.


Message History

The black mamba bites you but does no damage.
The black mamba barely misses you. The black mamba bites you!
The black mamba closely misses you. You block the black mamba's attack.
The black mamba bites you!
* * * LOW HITPOINT WARNING * * *
The black mamba bites you!
* * * LOW HITPOINT WARNING * * *
The black mamba completely misses you.
Drink which item? (? for menu, Esc to quit)
You feel better. The black mamba bites you.
* * * LOW HITPOINT WARNING * * *
The black mamba bites you.
* * * LOW HITPOINT WARNING * * *
The black mamba bites you.
* * * LOW HITPOINT WARNING * * *
You are lethally poisoned!
The black mamba poisons you!
You die...

#....#.##...#####...P......+..
..#.###.##....#######..
....#.. ...
..##...##.....#.......... ..#
..#....P#......#......#.. #..
...#.....#............###. ##
..##.>..Y#.##..##.....P##.
####......S+##...#.........
#........................
.........@...........)....
.........<................
..........................
.........................
##......#...##...........
#....########.....P##P.. #....
#.....##.... #....
#.....##.... +...
P#.....#.....


You could see a death yak and a black mamba.

Vanquished Creatures
  A minotaur (Lab)
  Fannar (Lair:3)
  Erolcha (D:8)
  Harold (Lair:1)
  A death yak (Lair:4)
  A hydra (D:9)
  Erica (Lair:2)
  An anaconda (Lair:4)
  Urug (Lair:3)
  The ghost of raph the Slicer, a novice KoBe of Trog (D:8)
  An unseen horror (D:10)
  2 hill giants (D:10)
  An elephant (D:8)
  3 black mambas
  4 spiny frogs
  3 komodo dragons
  2 trolls
  A wyvern (D:10)
  21 yaks
  2 basilisks
  3 hippogriffs
  A hungry ghost (D:8)
  2 porcupines (Lair:1)
  12 water moccasins
  A sky beast (D:6)
  Duvessa (D:6)
  4 orc warriors
  2 ice beasts
  A black bear (Lair:2)
  A necrophage (D:9)
  3 ogres
  5 phantoms
  5 centaurs
  8 crocodiles
  The ghost of lorenzova the Conjurer, an amateur DECj (D:4)
  5 big kobolds
  5 giant frogs
  A gnoll sergeant (D:7)
  Dowan (D:6)
  A water moccasin zombie (D:5)
  A wyvern zombie (D:8)
  2 scorpions
  4 killer bees (D:10)
  2 howler monkeys (D:5)
  4 lava snakes (Lab)
  7 crimson imps
  3 jellies
  A quasit (D:5)
  2 centaur zombies
  4 giant frog zombies
  3 giant frog skeletons
  2 hounds
  Crazy Yiuf (D:6)
  5 orc priests
  9 orc wizards
  2 centaur skeletons
  10 iguanas
  7 worker ants
  A killer bee zombie (D:5)
  15 sheep
  A hound zombie (D:5)
  2 worker ant zombies
  9 adders
  10 gnolls (D:7)
  28 river rats
  4 shadow imps
  2 oozes
  An adder zombie (D:3)
  An adder skeleton (D:6)
  6 worms
  A dart slug (D:3)
  7 giant geckos
  56 orcs
  6 ball pythons
  2 giant cockroaches
  6 goblins
  7 hobgoblins
  9 jackals
  3 quokkas
  4 bats
  A giant cockroach zombie (D:5)
  2 giant gecko skeletons
  7 giant newts
  4 hobgoblin zombies (D:6)
  A jackal zombie (D:5)
  19 kobolds
  A kobold skeleton (D:6)
  2 kobold zombies (D:6)
  2 orc skeletons (D:6)
  An orc zombie (D:6)
  2 quokka zombies (D:5)
  3 rats
408 creatures vanquished.

Vanquished Creatures (others)
  3 fungi
  2 plants
5 creatures vanquished.

Grand Total: 413 creatures vanquished

Notes
Turn   | Place    | Note
--------------------------------------------------------------
     0 | D:1      | lorenzova the Deep Elf Conjurer began the quest for the Orb.
     0 | D:1      | Reached XP level 1. HP: 10/10 MP: 6/6
   152 | D:1      | Reached XP level 2. HP: 15/15 MP: 5/8
   582 | D:1      | Reached skill level 5 in Conjurations
   649 | D:1      | Reached skill level 4 in Spellcasting
   724 | D:1      | Reached XP level 3. HP: 19/19 MP: 8/10
   938 | D:2      | Found a radiant altar of Vehumet.
  1596 | D:2      | Found a deep blue altar of Sif Muna.
  1596 | D:2      | Found an ancient bone altar of Kikubaaqudgha.
  1603 | D:2      | Identified Sif Muna's Guide on Aid
  1605 | D:2      | Became a worshipper of Sif Muna the Loreminder
  1646 | D:3      | Reached XP level 4. HP: 16/24 MP: 3/12
  1750 | D:3      | Learned a level 4 spell: Iskenderun's Mystic Blast
  2062 | D:3      | Reached skill level 5 in Spellcasting
  2498 | D:3      | Reached XP level 5. HP: 28/28 MP: 10/14
  2836 | D:4      | Found a sparkling altar of Nemelex Xobeh.
  2896 | D:4      | Noticed lorenzova's ghost (amateur DECj)
  2900 | D:4      | Killed lorenzova's ghost
  2900 | D:4      | Reached * piety under Sif Muna
  2900 | D:4      | Reached skill level 6 in Spellcasting
  3120 | D:4      | Reached XP level 6. HP: 32/32 MP: 9/17
  3183 | D:4      | Found Ceff's Weapon Boutique.
  3734 | D:5      | Entered Level 5 of the Dungeon
  4166 | D:5      | Reached skill level 7 in Spellcasting
  4297 | D:5      | Reached XP level 7. HP: 36/36 MP: 14/19
  4351 | D:5      | Reached ** piety under Sif Muna
  4736 | D:5      | Reached skill level 8 in Spellcasting
  5061 | D:5      | Reached XP level 8. HP: 41/41 MP: 5/22
  5189 | D:5      | Reached skill level 9 in Spellcasting
  5404 | D:5      | Reached *** piety under Sif Muna
  5610 | D:5      | Found a sacrificial altar of Ru.
  6080 | D:6      | Reached skill level 10 in Spellcasting
  6656 | D:6      | Learned a level 5 spell: Iskenderun's Battlesphere
  6693 | D:6      | Found a glowing golden altar of the Shining One.
  6700 | D:6      | Noticed Duvessa
  6701 | D:6      | Noticed Dowan
  6702 | D:6      | Killed Duvessa
  6705 | D:6      | Killed Dowan
  7069 | D:6      | Reached skill level 10 in Conjurations
  7137 | D:6      | Reached **** piety under Sif Muna
  7137 | D:6      | Reached XP level 9. HP: 45/45 MP: 8/25
  7249 | D:6      | Found a staircase to the Ecumenical Temple.
  7330 | D:6      | Reached skill level 11 in Spellcasting
  7483 | D:6      | Noticed Crazy Yiuf
  7487 | D:6      | Killed Crazy Yiuf
  8795 | D:8      | Found a staircase to the Lair.
  8795 | D:8      | Noticed an elephant
  8799 | D:8      | Reached skill level 12 in Spellcasting
  8799 | D:8      | Killed an elephant
  8799 | D:8      | Reached ***** piety under Sif Muna
  9388 | D:8      | Noticed raph's ghost (novice KoBe)
  9393 | D:8      | Killed raph's ghost
  9393 | D:8      | Reached skill level 13 in Spellcasting
  9393 | D:8      | Reached XP level 10. HP: 50/50 MP: 2/29
  9749 | D:8      | Found a stormy altar of Qazlal.
  9753 | D:8      | Found a basalt altar of Yredelemnul.
  9758 | D:8      | Found an oddly glowing altar of Pakellas.
  9797 | D:8      | Noticed Erolcha
  9811 | D:8      | Killed Erolcha
  9811 | D:8      | Reached ****** piety under Sif Muna
  9811 | D:8      | Received a gift from Sif Muna
  9818 | D:8      | Identified Nuisif's Catalogue of Enhancements and Confrontation (Sif Muna gifted it to you on level 8 of the Dungeon)
 10344 | D:9      | Reached skill level 14 in Spellcasting
 10720 | D:9      | Reached skill level 1 in Charms
 10877 | D:9      | Learned a level 2 spell: Blink
 10879 | D:9      | Learned a level 1 spell: Apportation
 10959 | D:9      | Noticed a three-headed hydra
 10963 | D:9      | Killed a three-headed hydra
 11316 | D:9      | Found a shimmering altar of Xom.
 11354 | D:9      | Found a staircase to the Orcish Mines.
 11440 | D:10     | Entered Level 10 of the Dungeon
 11603 | D:10     | Noticed a hill giant
 11612 | D:10     | Killed a hill giant
 11612 | D:10     | Reached XP level 11. HP: 21/54 MP: 11/31
 11884 | D:10     | Received a gift from Sif Muna
 11884 | D:10     | Reached skill level 5 in Charms
 11889 | D:10     | Reached skill level 1 in Translocations
 12041 | D:10     | Killed an unseen horror
 12514 | D:10     | Reached skill level 15 in Spellcasting
 12854 | D:10     | Noticed a hill giant
 12873 | D:10     | Killed a hill giant
 13291 | Lair:1   | Entered Level 1 of the Lair of Beasts
 13291 | Lair:1   | Noticed Harold
 13295 | Lair:1   | Killed Harold
 14280 | Lair:1   | Reached XP level 12. HP: 59/59 MP: 24/33
 14299 | Lair:1   | Received a gift from Sif Muna
 14300 | Lair:1   | Identified Doxtoh's Collected Works on Damaging Malediction (Sif Muna gifted it to you on level 1 of the Lair of Beasts)
 14308 | Lair:1   | Learned a level 6 spell: Bolt of Fire
 14761 | Lair:1   | Learned a level 3 spell: Mephitic Cloud
 15058 | Lair:2   | Reached skill level 5 in Stealth
 15283 | Lair:2   | Reached skill level 1 in Fire Magic
 15341 | Lair:2   | Noticed Erica
 15372 | Lair:2   | Killed Erica
 15372 | Lair:2   | Reached skill level 16 in Spellcasting
 15883 | Lair:2   | Gained mutation: You are resistant to hostile enchantments. [potion of beneficial mutation]
 15922 | Lair:3   | Found a labyrinth entrance.
 15940 | Lab      | Entered a labyrinth
 16526 | Lab      | Noticed a minotaur
 16536 | Lab      | Killed a minotaur
 16722 | Lab      | Got a shimmering glass ring
 16742 | Lair:3   | Identified the ring of Hiast {*Drain rElec rF+ rN++} (You took it off a minotaur in a labyrinth)
 16772 | Lair:3   | Noticed Fannar
 16778 | Lair:3   | Killed Fannar
 16867 | Lair:3   | Identified a +3 rod of clouds (11/11) (You found it in a labyrinth)
 16967 | Lair:3   | Noticed Urug
 17636 | Lair:3   | Killed Urug
 17739 | Lair:1   | Reached skill level 5 in Dodging
 18440 | Lair:4   | Noticed a death yak
 18440 | Lair:4   | Noticed a death yak
 18440 | Lair:4   | Noticed a death yak
 18442 | Lair:4   | Noticed a death yak
 18444 | Lair:4   | Killed a death yak
 18629 | Lair:4   | Reached skill level 1 in Air Magic
 18629 | Lair:4   | Reached skill level 1 in Poison Magic
 18824 | Lair:4   | Reached skill level 10 in Charms
 19008 | Lair:4   | Noticed an anaconda
 19010 | Lair:4   | Killed an anaconda
 19035 | Lair:4   | HP: 2/59 [black mamba (8)]
 19040 | Lair:4   | Succumbed to a black mamba's poison

Skill      XL: |  1  2  3  4  5  6  7  8  9 10 11 12 |
---------------+-------------------------------------+-----
Conjurations   | 5 6 7 8 10 11 13 14 | 14.4
Spellcasting   | 4 5 6 7 8 10 13 14 15 16 | 16.4
Charms         | 4 8 10 | 10.1
Translocations | 4 |  4.0
Dodging        | 3 5 |  5.5
Stealth        | 4 6 |  6.1
Fire Magic     | 3 |  3.9
Air Magic      | 1 |  1.6
Poison Magic   | 1 |  1.6

Action                   |  1- 3 |  4- 6 |  7- 9 | 10-12 || total
-------------------------+-------+-------+-------+-------++-------
Melee: Dagger            |       |       |     3 |       ||     3
       Trident           |       |       |     3 |       ||     3
       Short sword       |       |       |       |     3 ||     3
       Staff             |       |       |       |     1 ||     1
 Cast: Magic Dart        |    84 |   117 |   284 |   373 ||   858
       Iskenderun's Myst |       |    10 |    38 |    58 ||   106
       Iskenderun's Batt |       |       |    27 |    90 ||   117
       Blink             |       |       |       |     1 ||     1
       Apportation       |       |       |       |     9 ||     9
       Bolt of Fire      |       |       |       |     6 ||     6
  Use: Scroll            |       |       |     2 |     9 ||    11
       Potion            |       |       |       |    11 ||    11
  Eat: Chunk             |     2 |     9 |    19 |    21 ||    51
       Beef jerky        |       |       |     1 |       ||     1
       Fruit             |       |       |       |    11 ||    11
       Bread ration      |       |       |       |     1 ||     1
Armor: Robe              |     1 |     3 |    15 |     9 ||    28
Dodge: Dodged            |     7 |    10 |    81 |    42 ||   140
Block: Buckler           |       |       |       |     4 ||     4
